 Dungeon Crawl Stone Soup version 0.28.0-1-gb440e238dd (webtiles) character file.

Game seed: 17863037092834139795

30272 Cykl0x the Geomancer (level 13, -35/81 HPs)
             Began as a Gargoyle Earth Elementalist on Feb 22, 2022.
             Was an Elder of Vehumet.
             Annihilated by a titanic slime creature (94 damage)
             ... on level 14 of the Dungeon.
             The game lasted 00:45:52 (24661 turns).

Cykl0x the Geomancer (Gargoyle Earth Elementalist) Turns: 24661, Time: 00:45:52

Health: -35/81     AC: 18    Str: 19    XL:     13   Next: 50%
Magic:  8/27       EV: 13    Int: 22    God:    Vehumet [****..]
Gold:   763        SH:  4    Dex: 13    Spells: 14/32 levels left

rFire   + . .      SeeInvis +   g - +5 falchion of Wyrd {vorpal, Dex+3}
rCold   . . .      Faith    .   E - +0 buckler
rNeg    + + .      Spirit   .   e - +3 leather armour
rPois   ∞          Reflect  .   d - +0 helmet
rElec   +          Harm     .   y - scarf {+Inv}
rCorr   .          Rampage  .   P - +0 pair of gloves of Lust {rN+ Int+2}
Will    .....                   (no boots)
Stlth   ++........              (no amulet)
HPRegen 0.23/turn               i - ring of protection from fire
MPRegen 0.20/turn               N - ring "Ihimn" {Str+6 SInv}

@: about to teleport
A: sickness immunity, AC +9, negative energy resistance 1, electricity
resistance, torment resistance 1, petrification resistance
a: Renounce Religion, Evoke Invisibility


You were on level 14 of the Dungeon.
You worshipped Vehumet.
Vehumet was greatly pleased with you.
You visited 2 branches of the dungeon, and saw 16 of its levels.
You also visited: Sewer.

You collected 763 gold pieces.

Inventory:

Hand Weapons
 g - the +5 falchion of Wyrd (weapon) {vorpal, Dex+3}
   (You found it on level 3 of the Dungeon)

   It inflicts extra damage upon your enemies.
   Dex:       It affects your dexterity (+3).
 w - a +2 dagger of venom
 x - a +0 scimitar
 D - a +2 rapier of speed
 O - a +0 falchion of flaming
Missiles
 n - 182 stones
 v - 7 throwing nets
Armour
 d - a +0 helmet (worn)
 e - a +3 leather armour (worn)
 y - a scarf of invisibility (worn)
 E - a +0 buckler (worn)
 P - the +0 pair of gloves of Lust (worn) {rN+ Int+2}
   (You found it on level 14 of the Dungeon)

   Int:       It affects your intelligence (+2).
   rN:        It protects you from negative energy.
Jewellery
 a - a ring of flight
 i - a ring of protection from fire (left hand)
 s - a ring of protection from cold
 N - the ring "Ihimn" (right hand) {Str+6 SInv}
   (You found it on level 14 of the Dungeon)

   [ring of strength]

   Str:       It affects your strength (+6).
   SInv:      It lets you see invisible.
Wands
 b - a wand of acid (2)
 q - a wand of flame (1)
 u - a wand of mindburst (11)
 K - a wand of iceblast (3)
 L - a wand of polymorph (4)
Scrolls
 j - a scroll of summoning
 k - 2 scrolls of amnesia
 l - 4 scrolls of enchant armour
 o - 7 scrolls of teleportation
 p - 2 scrolls of fog
 B - 2 scrolls of fear
 C - 3 scrolls of identify
 G - a scroll of blinking
 H - a scroll of silence
 I - 2 scrolls of immolation
Potions
 c - a potion of flight
 f - 5 potions of might
 h - 2 potions of cancellation
 m - 3 potions of resistance
 r - a potion of ambrosia
 t - 4 potions of magic
 z - a potion of curing
 A - a potion of mutation
 F - a potion of haste
 J - a potion of invisibility
 M - a potion of berserk rage {unknown}


   Skills:
 + Level 9.7 Fighting
 + Level 4.9 Long Blades
 + Level 5.6 Armour
 + Level 4.9 Dodging
 - Level 2.1 Stealth
 + Level 2.2 Shields
 + Level 10.3 Spellcasting
 + Level 12.2 Conjurations
 - Level 0.7 Transmutations
 + Level 0.4 Air Magic
 + Level 12.5 Earth Magic
 + Level 0.1 Evocations


You had 14 spell levels left.
You knew the following spells:

 Your Spells              Type           Power      Damage    Failure   Level
a - Sandblast             Erth           100%       2d20      1%          1
b - Stone Arrow           Conj/Erth      100%       3d13      1%          3
c - Shock                 Conj/Air       100%       1d9       1%          1
d - Lehudib's Crystal Sp  Conj/Erth      30%        10d8      63%         8
e - Iskenderun's Battles  Conj           60%        2d11      1%          5

Your spell library contained the following spells:

 Spells                   Type           Power      Damage    Failure   Level
 Passwall                 Tmut/Erth      33%        N/A       1%          2
 Dazzling Flash           Conj/Hex       76%        N/A       1%          3
 Irradiate                Conj/Tmut      19%        3d20      4%          5
 Petrify                  Tmut/Erth      40%        N/A       6%          4
 Animate Skeleton         Necr           22%        N/A       10%         1
 Pain                     Necr           44%        1d6       10%         1
 Summon Small Mammal      Summ           44%        N/A       10%         1
 Freezing Cloud           Conj/Ice/Air   14%        6-21      12%         5
 Airstrike                Air            6%         N/A       21%         4
 Swiftness                Air            13%        N/A       24%         3
 Call Canine Familiar     Summ           11%        N/A       28%         3
 Summon Guardian Golem    Hex/Summ       11%        N/A       28%         3
 Tukima's Dance           Hex            11%        N/A       28%         3
 Vampiric Draining        Necr           11%        2d6       28%         3
 Yara's Violent Unravell  Hex/Tmut       6%         3d5       45%         5
 Passage of Golubria      Tloc           11%        N/A       67%         4
 Spellforged Servitor     Conj/Summ      19%        N/A       80%         7
 Silence                  Hex/Air        6%         N/A       93%         5
 Agony                    Necr           11%        N/A       95%         5


Dungeon Overview and Level Annotations

Branches:
Dungeon (15/15) Temple (1/1) D:4 Lair (0/6) D:11 Orc (0/2) D:9 Vaults (0/5) D:12 D:13 Sewer (visited) Depths: D:15

Altars:
Ashenzari
Cheibriados
Dithmenos
Elyvilon
Fedhas
Gozag
Hepliaklqana
Kikubaaqudgha
Makhleb
Nemelex Xobeh
Okawaru
Qazlal
Ru
Sif Muna
Trog
Uskayaw
Vehumet
Wu Jian
Xom
Yredelemnul
Zin
The Shining One

Shops:
D:2 (   D:5 :

Annotations:
D:10 1 runed translucent door, Zenace187's ghost, novice GrFi
D:13 1 runed translucent door, Kraken2834's ghost, journeyman MiBe


Innate Abilities, Weirdness & Mutations

You are immune to sickness and miasma.
Your stone body is resilient. (AC +9)
You are immune to poison.
You resist negative energy. (rN+)
You are resistant to electric shocks. (rElec)
You are resistant to unholy torment.
You are immune to petrification.


Message History

The large slime creature is heavily wounded.
Two slime creatures merge to form a very large slime creature.
The stone arrow hits the slime creature!!
The slime creature is moderately wounded.
Two slime creatures merge to form a large slime creature.
Two slime creatures merge to form an enormous slime creature.
The stone arrow hits the slime creature!!
The slime creature is severely wounded.
The stone arrow hits the slime creature!!
You kill the slime creature!
Vehumet accepts your kill.
A slime creature comes into view.
The slime creature hits you.
A slime creature comes into view.
The stone arrow hits the slime creature!
The slime creature is moderately wounded.
The slime creature quivers. x2
The slime creature hits you but does no damage.
The slime creature hits you.
Unknown command.
Two slime creatures merge to form a titanic slime creature.
The slime creature barely misses you.
You climb upwards.
There is a stone staircase leading down here.
As you read the scroll of teleportation, it crumbles to dust.
You feel strangely unstable. The slime creature hits you.
You barely miss the slime creature.
The slime creature is moderately wounded.
The slime creature hits you!
The titanic slime creature hits you but does no damage.
You slash the slime creature!
The slime creature is heavily wounded.
The slime creature hits you but does no damage.
The titanic slime creature hits you but does no damage.
You hit the slime creature.
The slime creature is heavily wounded.
The slime creature hits you but does no damage.
The titanic slime creature hits you!!!!
Ouch! That really hurt!
You die...

#..............#
####.#....##.####.#####
#......#.###.# #......#
#.##.#.....÷.# #..###.#
#.##.#.....).# #..###.#
#.##.....##### #)...#.#
#.######## #.##.#.#
#.############ #......#
####.##.J@J.....#
####.###
#....##.#######.#
###...# #.###...# #.#
#.....# #.# #.#.# #.#
#.#...# #.# #.#.# #.#
#.##### #.# #.#.# #.#
#.# #.# #.#.#### #.#
#.# #.# #......####.#
#.# #.# #.[.........#
#.#


You could see a titanic slime creature and a slime creature.

Vanquished Creatures
  Erolcha (D:11)
  Harold (D:11)
  8 centaur warriors
  A boulder beetle (D:11)
  2 two-headed ogres (D:13)
  5 hydras
  An orange crystal statue (D:12)
  Pikel (D:5)
  An orc knight (D:13)
  2 cyclopes
  A manticore (D:14)
  3 centaur zombies
  A komodo dragon (D:11)
  2 tengu conjurers
  A kobold demonologist (D:11)
  5 trolls
  A wolf spider simulacrum (D:14)
  A hornet (D:8)
  2 dream sheep (D:14)
  A slime creature (D:15)
  A meliai zombie (D:11)
  7 shadows
  A vampire (D:14)
  A water elemental (D:13)
  4 wraiths
  20 yaks
  2 steam dragons
  16 humans
  4 acid dragons
  A naga (shapeshifter) (D:13)
  3 water moccasins
  7 orc warriors
  An ice beast (D:6)
  2 sky beasts (D:7)
  An ogre (D:4)
  10 centaurs
  A phantom (D:6)
  5 kobold brigands
  2 bullfrogs
  A gnoll sergeant (D:5)
  A wyvern zombie (D:9)
  A scorpion (D:5)
  A water moccasin zombie (D:5)
  A troll zombie (D:9)
  12 killer bees
  4 wights (D:10)
  2 howler monkeys (D:7)
  2 electric eels (D:13)
  3 gnoll shamans
  4 hounds
  An iron imp (D:10)
  5 orc priests
  3 centaur skeletons
  An iguana (D:4)
  9 orc wizards
  7 ogre zombies (D:9)
  2 howler monkey zombies
  15 adders
  20 gnolls
  4 river rats (Sewer)
  2 white imps
  An ufetubus (D:4)
  An adder skeleton (D:4)
  7 worms
  2 dart slugs
  29 orcs
  8 ball pythons
  9 bats
  9 endoplasms
  6 giant cockroaches
  5 goblins
  6 hobgoblins
  7 jackals
  2 quokkas (D:4)
  2 frilled lizards (D:3)
  2 goblin skeletons (D:9)
  4 goblin zombies (D:9)
  A hobgoblin skeleton (D:9)
  2 hobgoblin zombies (D:9)
  10 kobolds
  2 orc skeletons (D:9)
  14 orc zombies (D:9)
  10 rats
370 creatures vanquished.

Vanquished Creatures (others)
  12 plants
12 creatures vanquished.

Grand Total: 382 creatures vanquished

Notes
Turn   | Place    | Note
-------+----------+-------------------------------------------
     0 | D:1      | Cykl0x the Gargoyle Earth Elementalist began the quest for
                  | the Orb.
     0 | D:1      | Reached XP level 1. HP: 10/10 MP: 3/3
    98 | D:1      | Reached XP level 2. HP: 15/15 MP: 3/5
   354 | D:1      | Reached skill level 1 in Conjurations
   796 | D:1      | Found a faded altar of an unknown god.
   893 | D:1      | Reached XP level 3. HP: 19/19 MP: 4/6
   897 | D:1      | Learned a level 3 spell: Stone Arrow
  1741 | D:2      | Found Zasi's Weapon Boutique.
  2167 | D:2      | Reached XP level 4. HP: 24/24 MP: 4/8
  3334 | D:3      | Reached XP level 5. HP: 28/28 MP: 0/9
  3801 | D:3      | Identified the +5 falchion of Wyrd {vorpal, Dex+3}
  4473 | D:4      | Found a staircase to the Ecumenical Temple.
  4482 | Temple   | Entered the Ecumenical Temple
  4721 | D:4      | Reached skill level 5 in Earth Magic
  4779 | D:4      | Found a glowing drain.
  4783 | Sewer    | Entered a sewer
  4849 | Sewer    | Reached XP level 6. HP: 32/32 MP: 7/11
  6059 | Sewer    | Reached XP level 7. HP: 36/37 MP: 2/13
  6909 | D:4      | Reached skill level 1 in Long Blades
  7143 | D:5      | Entered Level 5 of the Dungeon
  7184 | D:5      | Reached skill level 5 in Conjurations
  7364 | D:5      | Found Goog's Book Shoppe.
  7976 | D:5      | Found a radiant altar of Vehumet.
  7995 | D:5      | Reached skill level 1 in Fighting
  8357 | D:5      | Became a worshipper of Vehumet
  8369 | D:5      | Reached XP level 8. HP: 37/43 MP: 4/14
  8793 | D:6      | Reached skill level 1 in Armour
  9348 | D:6      | Reached skill level 5 in Spellcasting
  9592 | D:6      | Noticed Pikel
  9662 | D:5      | Killed Pikel
  9663 | D:5      | Reached XP level 9. HP: 40/52 MP: 1/17
  9875 | D:6      | Identified the +1 robe of the Present {rElec}
 10237 | D:7      | Got the Disquisition on Conjuration
 10240 | D:7      | Learned a level 1 spell: Shock
 10952 | D:8      | Noticed a hornet
 10961 | D:8      | Killed a hornet
 10969 | D:8      | Reached * piety under Vehumet
 10969 | D:8      | Offered knowledge of Foxfire by Vehumet.
 11204 | D:7      | Reached skill level 5 in Fighting
 11776 | D:7      | Reached XP level 10. HP: 57/59 MP: 7/19
 12518 | D:8      | Noticed a +0 hand axe
 12519 | D:8      | Found a hide-covered altar of Uskayaw.
 12519 | D:8      | Noticed a +0 dagger
 13187 | D:9      | Found a basalt altar of Yredelemnul.
 13209 | D:9      | Offered knowledge of Static Discharge by Vehumet.
 13222 | D:9      | Reached ** piety under Vehumet
 13706 | D:9      | Identified the +2 ring mail "Mots" {rElec Will+ Int-5 SInv}
 13888 | D:9      | Found a staircase to the Orcish Mines.
 14167 | D:9      | Offered knowledge of Dazzling Flash by Vehumet.
 14850 | D:10     | Entered Level 10 of the Dungeon
 14982 | D:10     | Found a snail-covered altar of Cheibriados.
 15537 | D:10     | Reached XP level 11. HP: 66/66 MP: 10/22
 15620 | D:10     | Reached *** piety under Vehumet
 15912 | D:10     | Found a runed translucent door.
 15913 | D:10     | Found a shimmering altar of Xom.
 15913 | D:10     | Noticed Zenace187's ghost (novice GrFi)
 15914 | D:10     | Noticed a +2 rapier of chaos
 16013 | D:10     | Reached skill level 10 in Earth Magic
 16698 | D:11     | Reached skill level 10 in Conjurations
 17099 | D:11     | Noticed Harold
 17108 | D:11     | Killed Harold
 17132 | D:11     | Offered knowledge of Conjure Flame by Vehumet.
 17262 | D:11     | Noticed a boulder beetle
 17278 | D:11     | Killed a boulder beetle
 17514 | D:11     | Found a shimmering altar of Xom.
 17586 | D:11     | Noticed a seven-headed hydra
 17591 | D:11     | Killed a seven-headed hydra
 17639 | D:11     | Noticed Erolcha
 17644 | D:11     | Killed Erolcha
 17929 | D:11     | Found a staircase to the Lair.
 18158 | D:12     | Learned a level 8 spell: Lehudib's Crystal Spear
 18168 | D:12     | Reached XP level 12. HP: 74/74 MP: 20/24
 18790 | D:12     | Noticed a five-headed hydra
 18801 | D:12     | Killed a five-headed hydra
 19554 | D:12     | Noticed a two-headed ogre
 20024 | D:12     | Noticed a two-headed ogre
 20026 | D:12     | Noticed a two-headed ogre
 20053 | D:12     | Noticed a boulder beetle
 20287 | D:13     | Noticed a two-headed ogre
 20287 | D:13     | Noticed a centaur warrior
 20287 | D:13     | Found a gate to the Vaults.
 20299 | D:13     | Noticed a centaur warrior
 20301 | D:13     | Noticed a centaur warrior
 20616 | D:12     | Killed a centaur warrior
 20617 | D:12     | Reached skill level 1 in Shields
 20876 | D:12     | Killed a centaur warrior
 20959 | D:13     | Reached skill level 5 in Armour
 21016 | D:13     | Killed a two-headed ogre
 21232 | D:12     | Killed a centaur warrior
 21710 | D:13     | Reached **** piety under Vehumet
 21843 | D:13     | Offered knowledge of Iskenderun's Battlesphere by Vehumet.
 22060 | D:13     | Reached XP level 13. HP: 74/80 MP: 14/26
 22163 | D:13     | Found a runed translucent door.
 22164 | D:13     | Found a shimmering altar of Xom.
 22164 | D:13     | Noticed Kraken2834's ghost (journeyman MiBe)
 22812 | D:14     | HP: 3/81 [centaur warrior (6)]
 22814 | D:14     | Reached skill level 10 in Spellcasting
 23527 | D:14     | Identified the ring "Ihimn" {Str+6 SInv}
 23842 | D:14     | Learned a level 5 spell: Iskenderun's Battlesphere
 24496 | D:14     | Identified the +0 pair of gloves of Lust {rN+ Int+2}
 24590 | D:15     | Entered Level 15 of the Dungeon
 24661 | D:14     | Annihilated by a titanic slime creature

Illustrated notes

Levels and vault maps discovered:
D:1:      nzn_arrival_crosshair, layout_basic, nicolae_ecumenical_snake_handling
D:2:      layout_basic, serial_shops, nicolae_shop_bloodbath_and_beyond,
          kennysheep_generic_room_13
D:3:      layout_loops_ring, grunt_decor_junction
D:4:      layout_basic, minmay_temple_entry_statues_fountains,
          gup_sewer_entry_spiral
D:5:      layout_loops_cross, nicolae_vehumet_radiance, serial_shops,
          nicolae_shop_statue_plus
D:6:      layout_loops_cross, uniq_pikel
D:7:      layout_cave_pools, grunt_ministairs_5
D:8:      layout_basic, dancing_weapons_uskayaw
D:9:      layout_long_grid, mainiacjoe_overflow_brackets, zombieorc2_lemuel
D:10:     layout_grid_maze, chei_slow_surprise, ebering_ghost_xom
D:11:     layout_rooms, david_lair_shrubbed, grunt_ministairs_3,
          xom_teletrap_fun, uniq_harold, uniq_erolcha
D:12:     layout_roguey, minmay_protected_statue
D:13:     layout_cave_pools, david_vaults_3, ebering_ghost_xom, st_stairs_13,
          serial_bayou_lake_a
D:14:     layout_loops_cross, serial_bayou_shore_a, hangedman_ranch
D:15:     hangedman_depths_entry_try_elsewhere_first, layout_long_grid,
          roderic_lattice_a
Temple:   dpeg_five_rooms_temple

Skill      XL: |  1  2  3  4  5  6  7  8  9 10 11 12 13 |
---------------+----------------------------------------+-----
Earth Magic    | 4 5 6 7 8 9 10 11 12 | 12.5
Conjurations   | 1 2 3 4 6 7 9 10 11 12 | 12.2
Spellcasting   | 3 4 5 6 7 8 9 10 | 10.3
Dodging        | 2 3 4 |  4.9
Long Blades    | 1 2 3 4 |  4.9
Fighting       | 1 4 5 6 8 9 |  9.7
Armour         | 2 3 4 5 |  5.6
Shields        | 1 2 |  2.2
Stealth        | |  2.1
Transmutations | |  0.7
Air Magic      | |  0.4
Evocations     | |  0.1

Action                   |  1- 3 |  4- 6 |  7- 9 | 10-12 | 13-15 || total
-------------------------+-------+-------+-------+-------+-------++-------
Melee: Dagger            |    33 |     9 |       |     4 |       ||    46
       Falchion          |       |    34 |    53 |   160 |     6 ||   253
       Punch             |       |       |     3 |     3 |       ||     6
       Rapier            |       |       |       |     2 |       ||     2
 Cast: Sandblast         |    31 |    11 |    13 |    21 |       ||    76
       Stone Arrow       |    16 |    72 |   116 |   364 |    75 ||   643
       Shock             |       |       |     6 |    26 |     1 ||    33
       Iskenderun's Batt |       |       |       |       |     1 ||     1
Evoke: Wand              |       |       |       |     4 |       ||     4
  Use: Scroll            |     1 |     1 |    14 |     9 |     3 ||    28
       Potion            |       |       |     1 |     7 |       ||     8
Armor: Robe              |    14 |    24 |     1 |       |       ||    39
       Leather armour    |       |       |    50 |   177 |    25 ||   252
Dodge: Dodged            |    32 |    33 |    68 |   215 |    27 ||   375
Block: Buckler           |       |       |       |    35 |    14 ||    49
